 Dungeon Crawl Stone Soup version 0.32-a0-473-gd044c6f0f0 (webtiles) character file.

Game seed: 12220320006820196926

189 anacleto the Changeling (level 5, 0/28 HPs)
             Began as a Deep Elf Earth Elementalist on Feb 25, 2024.
             Slain by an orc
             ... wielding a +0 whip
              (3 damage)
             ... on level 4 of the Dungeon.
             The game lasted 00:05:45 (1570 turns).

anacleto the Changeling (DEEE)                      Turns: 1570, Time: 00:05:46

Health: 0/28       AC:  2    Str:  5    XL:     5   Next: 40%
Magic:  2/11       EV: 13    Int: 22    God:
Gold:   97         SH:  0    Dex: 15    Spells: 6/10 levels left

rFire   . . .        (no weapon)
rCold   . . .        (no shield)
rNeg    . . .        a - +0 robe
rPois   .            (no helmet)
rElec   .            (no cloak)
rCorr   .            (no gloves)
SInv    .            (no boots)
Will    .....        (no amulet)
Stlth   ++           (no ring)
HPRegen 0.24/turn    (no ring)
MPRegen 0.12/turn

%: no passive effects
@: no status effects
A: no striking features
a: no special abilities


You were on level 4 of the Dungeon.
You visited 1 branch of the dungeon, and saw 5 of its levels.

You collected 97 gold pieces.

Inventory:

Armour
 a - a +0 robe (worn)
Talismans
 f - a serpent talisman
Scrolls
 c - a scroll of enchant armour {unknown}
 g - 2 scrolls of identify {unknown}
 h - a scroll of fog {unknown}
 i - a scroll of teleportation {unknown}
 j - a scroll of blinking {unknown}
 k - a scroll of immolation
Potions
 b - a potion of magic
 d - 2 potions of mutation {unknown}
 e - a potion of enlightenment {unknown}
 l - a potion of might {unknown}
 m - a potion of heal wounds {unknown}


   Skills:
 - Level 2.8 Dodging
 - Level 2.7 Stealth
 - Level 3.2 Spellcasting
 - Level 2.1 Conjurations
 - Level 3.7 Earth Magic
 + Level 4.2 Shapeshifting


You had 6 spell levels left.
You knew the following spells:

 Your Spells              Type           Power      Damage    Failure   Level
a - Sandblast             Erth           40%        2d10      2%          1
b - Stone Arrow           Conj/Erth      32%        3d9       11%         3

Your spell library contained the following spells:

 Spells                   Type           Power      Damage    Failure   Level
 Passwall                 Erth           20%        N/A       8%          3
 Brom's Barrelling Bould  Conj/Erth      16%        2d4       36%         4
 Petrify                  Alch/Erth      11%        N/A       50%         4


Dungeon Overview and Level Annotations

Branches:
Dungeon (5/15)
 Temple: D:4-7

Altars:


Message History

The orc wizard is almost dead.
The orc closely misses you. The orc wizard completely misses you.
The endoplasm completely misses you. The orc barely misses you.
The orc misses you. The endoplasm barely misses you.
The orc wizard casts a spell at you. The puff of flame hits you.
The orc barely misses you.
Casting: Sandblast (safe; 2% risk of failure)
Confirm with . or Enter, or press ? or * to list all spells.
Aiming: Sandblast (safe; 2% risk of failure)
Press: ? - help, Shift-Dir - straight line, f/p - orc wizard
Aim: an orc wizard, wielding a +0 dagger and wearing a +0 robe (almost dead, 79% to hit)
The blast of sand hits the orc wizard!
You kill the orc wizard!
The orc closely misses you. x2
The endoplasm freezes you.
You are frozen.
Your Shapeshifting skill increases to level 4!
Casting: Sandblast (safe; 2% risk of failure)
Confirm with . or Enter, or press ? or * to list all spells.
Aiming: Sandblast (safe; 2% risk of failure)
Press: ? - help, Shift-Dir - straight line, f - orc
Aim: an orc, wielding a +0 club and wearing a +0 ring mail (85% to hit)
The blast of sand hits the orc.
The orc is lightly wounded.
The orc barely misses you. The orc hits you with a +0 whip.
The hobgoblin misses you. The endoplasm barely misses you.
The orc hits you with a +0 whip. The endoplasm hits you.
The hobgoblin hits you.
* * * LOW HITPOINT WARNING * * *
The orc hits you with a +0 club.
* * * LOW HITPOINT WARNING * * *
Casting: Sandblast (safe; 2% risk of failure)
Confirm with . or Enter, or press ? or * to list all spells.
Aiming: Sandblast (safe; 2% risk of failure)
Press: ? - help, Shift-Dir - straight line, f/p - orc
Aim: an orc, wielding a +0 club and wearing a +0 ring mail (85% to hit)
The blast of sand hits the orc!
You kill the orc!
The orc hits you with a +0 whip.
You die...

##### ####
....###############..#
....)................#
....#####.......)...##
....# #...#...<...#
.....# #..###...[..##
...................#
....####.####..)@..#
....# .. #..Jgo.#
.##.....# #.)....# ##
##. #..$#### .)...
.?.... ##.#... ####..


You could see an orc, an endoplasm and a hobgoblin.

Vanquished Creatures
  A bombardier beetle (D:4)
  An orc priest (D:4)
  An orc wizard (D:4)
  A gnoll (D:4)
  3 adders
  2 dart slugs (D:1)
  5 orcs (D:4)
  7 bats
  5 endoplasms
  4 giant cockroaches
  2 hobgoblins (D:1)
  7 jackals (D:1)
  2 quokkas
  3 ball pythons
  2 frilled lizards (D:1)
  3 goblins
  8 kobolds
  A rat (D:2)
58 creatures vanquished.

Notes
Turn   | Place    | Note
-------+----------+-------------------------------------------
     0 | D:1      | anacleto the Deep Elf Earth Elementalist began the quest
                  | for the Orb.
     0 | D:1      | Reached XP level 1. HP: 10/10 MP: 6/6
    76 | D:1      | Reached XP level 2. HP: 15/15 MP: 0/8
   501 | D:1      | Reached XP level 3. HP: 19/19 MP: 7/9
   505 | D:1      | Learned a level 3 spell: Stone Arrow
   917 | D:2      | Reached skill level 1 in Shapeshifting
  1097 | D:2      | Found a faded altar of an unknown god.
  1183 | D:2      | You fall into a shaft and drop 1 floor!
  1236 | D:4      | Reached skill level 2 in Shapeshifting
  1236 | D:4      | Reached XP level 4. HP: 24/24 MP: 7/10
  1240 | D:4      | Reached skill level 3 in Shapeshifting
  1369 | D:4      | Noticed an ogre
  1429 | D:4      | Reached XP level 5. HP: 10/28 MP: 5/11
  1442 | D:5      | Entered Level 5 of the Dungeon
  1569 | D:4      | Reached skill level 4 in Shapeshifting
  1570 | D:4      | Slain by an orc

Illustrated notes

Levels and vault maps discovered:
D:1:      elethiomel_arrival_shortcut, layout_basic
D:2:      layout_basic, hellmonk_ecumenical_altar_blasted, moated_statue
D:3:      kennysheep_slugbush, layout_basic
D:4:      layout_rooms, ebering_ghost_sewer_d, minmay_fractal_squares_gapless_5
D:5:      layout_basic

Skill      XL: |  1  2  3  4  5 |
---------------+----------------+-----
Conjurations   | 2 |  2.1
Shapeshifting  | 2 3 4 |  4.2
Dodging        | |  2.8
Stealth        | |  2.7
Spellcasting   | |  3.2
Earth Magic    | |  3.7

Action                     |  1- 3 |  4- 6 || total
---------------------------+-------+-------++-------
   Cast: Sandblast         |    61 |    30 ||    91
 Armour: Robe              |    11 |    16 ||    27
  Dodge: Dodged            |    20 |    22 ||    42

Table legend: (Time is in decaauts)
 A = Elapsed time spent in this place.
 B = Non-inter-level travel time spent in this place.
 C = Inter-level travel time spent in this place.
 D = Time resting spent in this place.
 E = Time spent auto-exploring this place.
 F = Levels seen in this place.
 G = Mean time per level.
                   A        B        C        D        E       F      G
               +--------+--------+--------+--------+--------+-----+--------+
         Total |   1614 |   1604 |     10 |    198 |    889 |   5 |  322.8 |
       Dungeon |   1614 |   1604 |     10 |    198 |    889 |   5 |  322.8 |
               +--------+--------+--------+--------+--------+-----+--------+

Top non-repeatable levels by time:
     D:1: 924 daAuts
     D:4: 350 daAuts
     D:2: 287 daAuts
     D:3: 49 daAuts
     D:5: 1 daAuts
